cohdb
Replays
Latest Replays
All Replays
Popular Replays
Top Player Replays
Match Explorer
How It Works
Community
CoH3 Stats
Reddit
Sign in to upload your games and track your stats! →
Sign in with Steam
Match 47174759
Unlisted
Match 47174759
Overview
Messages
Build Orders
End
Kradschützen Motorcycle Team
Panzerpioneer Squad
250 Light Carrier
Panzergrenadier Squad
Panzerpioneer Squad
Selects Panzerjäger Kommand Battlegroup
Selects GrB 39 Grenade Launcher Requisition
Selects Mine Fields
Panzergrenadier Squad
Construct Light Support Kompanie
250 Light Carrier
Assault Mechanized Group
Fire Support Elements
Flakvierling Half-track
2.5-tonne Medical Truck
Pak 38 Mechanized Group
Riberstein
A. Black [29th ID]
0
0
Comments
sign in to comment!
No comments posted yet!